 Dungeon Crawl Stone Soup version 0.26-a0-720-g2a1d101370 (webtiles) character file.

Game seed: 14087458625908073218

3925 Murumi the Thrower (level 10, 0/102 HPs)
             Began as an Ogre Conjurer on Nov 3, 2020.
             Was a Believer of Okawaru.
             Killed from afar by a wizard (38 damage)
             ... with a bolt of cold
             ... on level 7 of the Dungeon.
             The game lasted 00:36:33 (10736 turns).

Murumi the Thrower (Ogre Conjurer)                 Turns: 10736, Time: 00:36:34

Health: 0/102      AC:  7    Str: 16    XL:     10   Next: 20%
Magic:  10/14      EV: 25    Int: 19    God:    Okawaru [**....]
Gold:   201        SH:  0    Dex:  7    Spells: 13/15 levels left

rFire    . . .     SeeInvis .   a - +1 whip (flame)
rCold    . . .     Faith    .   (no shield)
rNeg     . . .     Spirit   .   e - +2 robe {MR+}
rPois    .         Reflect  .   (helmet restricted)
rElec    .         Harm     .   j - +1 cloak
rCorr    .         Rampage  .   (gloves unavailable)
MR       ++...                  (boots unavailable)
Stlth    ++........             o - amulet "Nidysiwk" {Acrobat Slay+5}
HPRegen  0.27/turn              n - ring of flight
MPRegen  0.14/turn              (no ring)

@: acrobat
A: large, unfitting armour, tough skin 1
a: Heroism, Renounce Religion, Evoke Flight


You were on level 7 of the Dungeon.
You worshipped Okawaru.
Okawaru was pleased with you.
You visited 2 branches of the dungeon, and saw 9 of its levels.

You collected 473 gold pieces.
You spent 272 gold pieces at shops.

Inventory:

Hand Weapons
 a - a +1 whip of flaming (weapon)
 b - a +1 whip
Missiles
 d - 26 poisoned darts
 f - 289 stones
 k - 8 javelins
 w - 2 boomerangs (quivered)
Armour
 e - a +2 robe of magic resistance (worn)
 j - a +1 cloak (worn)
Jewellery
 n - a ring of flight (left hand)
 o - the amulet "Nidysiwk" (around neck) {Acrobat Slay+5}
   (You found it on level 5 of the Dungeon)

   [amulet of the acrobat]

   It helps you evade while moving and waiting.
   It affects your accuracy and damage with ranged weapons and melee attacks
   (+5).
Wands
 l - a wand of paralysis (19)
Scrolls
 h - 4 scrolls of magic mapping
 m - 3 scrolls of teleportation
 r - 5 scrolls of remove curse
 v - a scroll of amnesia
Potions
 c - 5 potions of heal wounds
 g - a potion of flight
 i - a potion of brilliance
 p - 2 potions of haste
 q - 2 potions of lignification
 s - a potion of might {unknown}
 t - 2 potions of berserk rage
 u - a potion of magic {unknown}


   Skills:
 - Level 7.0 Fighting
 + Level 7.4 Maces & Flails
 - Level 9.0 Throwing
 - Level 3.0 Dodging
 - Level 3.0 Stealth
 - Level 3.0 Spellcasting
 - Level 4.0 Conjurations
 - Level 2.0 Invocations
 - Level 1.0 Evocations


You had 13 spell levels left.
You knew the following spells:

 Your Spells              Type           Power        Failure   Level
b - Searing Ray           Conj           ###...       4%          2

Your spell library contained the following spells:

 Spells                   Type           Power        Failure   Level
 Magic Dart               Conj           ###.         3%          1
 Animate Skeleton         Necr           #.....       16%         1
 Pain                     Necr           #...         16%         1
 Dazzling Flash           Conj/Hex       ##....       21%         3
 Vampiric Draining        Necr           #.........   41%         3
 Fulminant Prism          Conj/Hex       ##........   54%         4
 Iskenderun's Mystic Bla  Conj/Tloc      ##......     54%         4
 Animate Dead             Necr           #.........   83%         4
 Agony                    Necr           #.......     99%         5


Dungeon Overview and Level Annotations

Branches:
Dungeon (8/15)             Temple (1/1) D:7
   Lair: D:8-11

Altars:
Ashenzari
Cheibriados
Elyvilon
Gozag
Hepliaklqana
Kikubaaqudgha
Makhleb
Okawaru
Qazlal
Ru
Sif Muna
Uskayaw
Vehumet
Wu Jian
Xom
The Shining One

Shops:
D:6 ==*[

Annotations:
D:8 Grum


Innate Abilities, Weirdness & Mutations

You are too large for most types of armour.
You have tough skin. (AC +1)


Message History

An orc warrior comes into view.
It is wielding a +2 long sword of electrocution.
The wizard hits you but does no damage.
You climb upwards.
There is a stone staircase leading down here.
Casting: Searing Ray (safe; 4% risk of failure)
Confirm with . or Enter, or press ? or * to list all spells.
Aiming: Searing Ray (safe; 4% risk of failure)
Press: ? - help, Shift-Dir - straight line, f - wizard
Aim: a wizard, wielding a +0 dagger and wearing a +0 robe (moderately wounded, fast, extremely poisoned)
The searing ray hits the wizard.
The wizard is heavily wounded. (Press . to maintain the ray.)
The wizard closely misses you. The wizard hits you but does no damage.
The searing ray hits the wizard.
The wizard is severely wounded.
The wizard hits you with a +0 dagger!
The searing ray misses the wizard.
The wizard closely misses you.
The wizard gestures at you while chanting.
The bolt of cold hits you!!!
You die...

#...# #...# #...# #...#
#...### ### #.....##
########### #.. ###.#..#
#.........# #..
#.##.###.p.......# #..
###### #.##....@........#
#..
#....###..#####.........#
#.. #.##......#
#.........# ###..
##.######..#
####...#######.... #..#
#..###### ##..##......#..
..###
#.......####.....######..
....###
###.###....#.........##..
.##...# #.#
####.....#####.####
#####.# #.####
###....####..#


You could see a wizard (fast, very poisoned).

Vanquished Creatures
  Pikel (D:6)
  Grinder (D:5)
  A hornet (D:7)
  4 humans
  An orc warrior (D:6)
  2 ice beasts
  A necrophage (D:6)
  2 wolves (D:7)
  5 centaurs
  A bullfrog (D:7)
  A big kobold (D:6)
  A scorpion (D:7)
  4 wights (D:7)
  3 howler monkeys
  A bullfrog zombie (D:3)
  3 hounds
  A jelly (D:6)
  9 orc priests
  Crazy Yiuf (D:2)
  A centaur skeleton (D:6)
  4 orc wizards
  2 bullfrog skeletons
  An iguana (D:6)
  5 worker ants
  7 gnolls (D:3)
  13 adders
  A howler monkey skeleton (D:5)
  A white imp (D:6)
  An ufetubus (D:7)
  2 oozes
  An adder skeleton (D:4)
  3 worms
  4 dart slugs
  2 leopard geckos
  10 orcs
  6 bats
  7 giant cockroaches
  11 hobgoblins
  20 jackals
  10 kobolds
  2 quokkas
  6 ball pythons
  7 frilled lizards
  4 goblins
  A leopard gecko skeleton (D:7)
  A leopard gecko zombie (D:6)
  A quokka skeleton (D:8)
  6 rats (D:1)
183 creatures vanquished.

Notes
Turn   | Place    | Note
-------+----------+-------------------------------------------
     0 | D:1      | Murumi the Ogre Conjurer began the quest for the Orb.
     0 | D:1      | Reached XP level 1. HP: 16/16 MP: 3/3
   263 | D:1      | Reached XP level 2. HP: 16/24 MP: 0/6
   675 | D:1      | Reached XP level 3. HP: 17/31 MP: 0/7
   680 | D:1      | Learned a level 2 spell: Searing Ray
  1658 | D:2      | Reached skill level 1 in Throwing
  1944 | D:2      | Found a runed translucent door.
  1945 | D:2      | Noticed Crazy Yiuf
  2027 | D:2      | Found a broken altar of Ashenzari.
  2180 | D:2      | Reached skill level 1 in Maces & Flails
  2296 | D:2      | Reached XP level 4. HP: 40/40 MP: 5/8
  2327 | D:2      | Reached skill level 1 in Fighting
  2409 | D:2      | Noticed a centaur
  2415 | D:2      | Killed a centaur
  2415 | D:2      | Reached skill level 2 in Throwing
  2415 | D:2      | Reached XP level 5. HP: 24/49 MP: 4/9
  3064 | D:2      | Killed Crazy Yiuf
  3399 | D:3      | Reached skill level 3 in Throwing
  3515 | D:3      | Reached XP level 6. HP: 57/57 MP: 4/10
  3658 | D:3      | Found a radiant altar of Vehumet.
  4283 | D:3      | Found a stormy altar of Qazlal.
  4873 | D:4      | Reached skill level 4 in Throwing
  4876 | D:4      | Reached XP level 7. HP: 58/67 MP: 3/11
  5262 | D:4      | Reached skill level 1 in Evocations
  5912 | D:5      | Entered Level 5 of the Dungeon
  6072 | D:5      | Found a glowing golden altar of the Shining One.
  6088 | D:5      | Reached skill level 5 in Throwing
  6164 | D:5      | Got a fine steel amulet
  6165 | D:5      | Identified the amulet "Nidysiwk" {Acrobat Slay+5} (You
                  | found it on level 5 of the Dungeon)
  6192 | D:5      | Noticed Grinder
  6231 | D:5      | Paralysed by Grinder for 7 turns
  6238 | D:5      | Killed Grinder
  6238 | D:5      | Reached skill level 5 in Maces & Flails
  6238 | D:5      | Reached XP level 8. HP: 22/78 MP: 3/12
  6834 | D:5      | Reached skill level 6 in Throwing
  7224 | D:6      | Found Doleman's Antique Armour Boutique.
  7234 | D:6      | Reached skill level 5 in Fighting
  7252 | D:6      | Bought an embroidered robe for 125 gold pieces
  7354 | D:6      | Noticed Pikel
  7361 | D:6      | Killed Pikel
  7361 | D:6      | Reached skill level 7 in Throwing
  7361 | D:6      | Reached XP level 9. HP: 89/89 MP: 13/13
  7740 | D:6      | Found Exkojuf's Jewellery Shoppe.
  7748 | D:6      | Bought a cursed ring of teleportation for 63 gold pieces
  7765 | D:6      | Found Selucom's Jewellery Shoppe.
  7774 | D:6      | Found Teomeyjack's Assorted Antiques.
  7782 | D:6      | Bought a scroll labeled FADUVU YMPOT for 23 gold pieces
  7782 | D:6      | Bought 2 fizzy emerald potions for 41 gold pieces
  7782 | D:6      | Bought a bubbling golden potion for 20 gold pieces
  8827 | D:6      | Reached skill level 8 in Throwing
  8970 | D:7      | Found a staircase to the Ecumenical Temple.
  8975 | Temple   | Entered the Ecumenical Temple
  9319 | Temple   | Became a worshipper of Warmaster Okawaru
  9542 | D:7      | Noticed a hornet
  9549 | D:7      | Killed a hornet
  9647 | D:7      | Reached * piety under Okawaru
  9685 | D:7      | Reached skill level 1 in Invocations
  9817 | D:7      | Reached XP level 10. HP: 96/102 MP: 14/14
 10258 | D:7      | Reached skill level 9 in Throwing
 10563 | D:8      | Noticed Grum
 10576 | D:7      | Reached ** piety under Okawaru
 10722 | D:8      | Noticed a wizard
 10725 | D:8      | Noticed a wizard
 10736 | D:7      | Killed from afar by a wizard

Illustrated notes

Levels and vault maps discovered:
D:1:      minmay_arrival_shattered_statue, layout_basic
D:2:      layout_basic, nicolae_ashenzari_panopticon, uniq_crazy_yiuf_cottage
D:3:      layout_basic, nicolae_qazlal_general_emergency, vehumet_crystals
D:4:      layout_basic, minmay_a_box_with_orc_wizards_in_it
D:5:      layout_rooms, tso_oasis_becter, supply_closet_lemuel, uniq_grinder
D:6:      layout_layer_cave, serial_shops, shop, kennysheep_mini, shop, shop,
          uniq_pikel
D:7:      layout_rooms, minmay_temple_entry_arrows, minmay_ruffians
D:8:      cheibrodos_wizards_tower, layout_gridville, lemuel_crystal_altar,
          grunt_lair_entry_orc_guard_hut, uniq_grum
Temple:   hc_temple_tempest_star

Skill      XL: |  1  2  3  4  5  6  7  8  9 10 |
---------------+-------------------------------+-----
Spellcasting   | 3 |  3.0
Conjurations   | 4 |  4.0
Dodging        | 2 3 |  3.0
Stealth        | 2 3 |  3.0
Throwing       | 1 2 3 4 5 7 8 9 |  9.0
Maces & Flails | 1 2 3 5 6 7 |  7.4
Fighting       | 1 2 3 4 6 7 |  7.0
Evocations     | 1 |  1.0
Invocations    | 2 |  2.0

Action                   |  1- 3 |  4- 6 |  7- 9 | 10-12 || total
-------------------------+-------+-------+-------+-------++-------
Melee: Club              |    14 |       |       |       ||    14
       Whip              |    35 |    66 |   126 |    13 ||   240
Throw: Stone             |    16 |    70 |   159 |    37 ||   282
       Javelin           |       |       |    14 |       ||    14
       Dart              |       |       |     8 |     5 ||    13
       Throwing net      |       |       |     2 |       ||     2
       Boomerang         |       |       |       |     3 ||     3
 Cast: Magic Dart        |    77 |    21 |       |       ||    98
       Searing Ray       |     1 |    22 |    19 |     7 ||    49
  Use: Scroll            |     7 |     2 |     9 |     1 ||    19
       Potion            |       |       |     1 |       ||     1
 Stab: Sleeping          |       |       |     1 |       ||     1
Armor: Robe              |    30 |    32 |    33 |     4 ||    99
Dodge: Dodged            |    35 |    39 |    64 |    21 ||   159

Table legend: (Time is in decaauts)
 A = Elapsed time spent in this place.
 B = Non-inter-level travel time spent in this place.
 C = Inter-level travel time spent in this place.
 D = Time resting spent in this place.
 E = Time spent auto-exploring this place.
 F = Levels seen in this place.
 G = Mean time per level.
                   A        B        C        D        E       F      G
               +--------+--------+--------+--------+--------+-----+--------+
         Total |  10689 |   9911 |    778 |    126 |   8618 |   9 | 1187.7 |
       Dungeon |  10312 |   9595 |    717 |    126 |   8303 |   8 | 1289.0 |
        Temple |    377 |    317 |     60 |      0 |    315 |   1 |  377.0 |
               +--------+--------+--------+--------+--------+-----+--------+

Top non-repeatable levels by time:
     D:2: 1773 daAuts
     D:6: 1683 daAuts
     D:1: 1579 daAuts
     D:3: 1413 daAuts
     D:7: 1400 daAuts
     D:5: 1249 daAuts
     D:4: 1200 daAuts
  Temple: 377 daAuts
     D:8: 13 daAuts
